 Dungeon Sprint DCSS version 0.16-a0-3049-g2a447e9 (webtiles) character file.

3365 BluebellGnoll the Ripper (level 9, -10/36 HPs)
             Began as a Felid Enchanter on Dec 9, 2014.
             Was the Champion of Makhleb.
             Mangled by a deep elf blademaster
             ... wielding a +2 rapier of holy wrath
              (29 damage)
             ... in the Dungeon (Sprint V: "Ziggurat Sprint").
             The game lasted 00:50:15 (2343 turns).

BluebellGnoll the Ripper (Felid Enchanter)          Turns: 2343, Time: 00:50:15

Health: -10/36     AC:  2    Str:  4    XL:     9   Next: 73%
Magic:  24/29      EV: 27    Int: 26    God:    Makhleb [******]
Gold:   0          SH:  0    Dex: 20    Spells: 10 memorised, 2 levels left
                                        Lives:  0   Deaths: 3

rFire  + . .     SeeInvis +       - Unarmed
rCold  . . .     Clarity  .     (armour unavailable)
rNeg   . . .     SustAb   .     (shield unavailable)
rPois  +         Gourm    .     (helmet unavailable)
rElec  .         Spirit   .     (cloak unavailable)
rCorr  .         Warding  .     (gloves unavailable)
rMut   .         NoTele   +     (boots unavailable)
MR     +....                    W - amulet of rage
Stlth  +.........               p - +6 ring of intelligence (curse)
                                B - ring "Lenoadodd" {+Blink rPois rF+ Dex+3 Stlth--- Curse} (curse)

@: regenerating (expiring), hasted, repel missiles, very quick, somewhat
resistant to hostile enchantments, very unstealthy
A: paw claws, no armour, no weapons or thrown items, fangs 3, see invisible,
carnivore 3, speed 1, shaggy fur 2, slow metabolism 1
a: Minor Destruction, Lesser Servant of Makhleb, Major Destruction, Greater
Servant of Makhleb, Renounce Religion, Evoke Blink, Evoke Berserk Rage


You were in the Dungeon.
You worshipped Makhleb.
Makhleb was exalted by your worship.
You were not hungry.

You visited 1 branch

Inventory:

Jewellery
 c - the ring "Biob Les" {rF+ Int+4 Stlth-}
   (You found it in the Dungeon)

   [ring of loudness]

   It affects your intelligence (+4).
   It protects you from fire.
   It makes you less stealthy.
 p - a cursed +6 ring of intelligence (right paw)
 B - the cursed ring "Lenoadodd" (left paw) {+Blink rPois rF+ Dex+3 Stlth--- Curse}
   (You took it off an orc wizard in the Dungeon)

   [ring of dexterity]

   It affects your dexterity (+3).
   It protects you from fire.
   It protects you from poison.
   It lets you blink.
   It may recurse itself when equipped.
   It makes you much less stealthy.
   It has a curse placed upon it.
 M - the cursed ring of Kaomm {rElec Int+6}
   (You found it in the Dungeon)

   [ring of intelligence]

   It affects your intelligence (+6).
   It insulates you from electricity.
   It has a curse placed upon it.
 N - the ring "Ijyo" {Str+6 Int+2}
   (You found it in the Dungeon)

   [ring of strength]

   It affects your strength (+6).
   It affects your intelligence (+2).
 W - an amulet of rage (around neck)
Magical devices
 a - a wand of disintegration (4)
 b - a wand of fire (1)
 k - a wand of cold (3)
 l - a wand of draining (4)
 o - a wand of hasting (6)
 H - a wand of heal wounds (3)
Scrolls
 j - 4 scrolls of blinking
 m - 4 scrolls of amnesia
 n - 3 scrolls of recharging
 q - 7 scrolls of fog
 s - a scroll of holy word
 t - 5 scrolls of identify
 u - 5 scrolls of remove curse
 v - 2 scrolls of fear
Potions
 e - 9 potions of curing
 f - 4 potions of heal wounds
 g - 6 potions of haste
 h - 7 potions of magic
 i - 2 potions of berserk rage
 w - 2 potions of brilliance
 z - 2 potions of restore abilities
 A - 4 potions of resistance
 C - 4 potions of agility
 D - 5 potions of might
Books
 E - a book of Beasts

   Spells                             Type                      Level
   a - Summon Butterflies             Summoning                    1
   b - Call Canine Familiar           Summoning                    3
   c - Summon Ice Beast               Ice/Summoning                4
   d - Summon Mana Viper              Hexes/Summoning              5
   e - Monstrous Menagerie            Summoning                    6
   f - Summon Hydra                   Summoning                    7
 J - the Collected Works on Conjuration
   (You found it in the Dungeon)

   Spells                             Type                      Level
   a - Sting                          Conjuration/Poison           1
   b - Conjure Flame                  Conjuration/Fire             3
   c - Iskenderun's Battlesphere      Conjuration/Charms           5
   d - Bolt of Cold                   Conjuration/Ice              6
 L - Jidot's Collected Works on Shape Shifting
   (You found it in the Dungeon)

   Spells                             Type                      Level
   a - Beastly Appendage              Transmutation                1
   b - Stoneskin                      Transmutation/Earth          2
   c - Passwall                       Transmutation/Earth          3
   d - Spider Form                    Transmutation/Poison         3
   e - Alistair's Intoxication        Transmutation/Poison         4
 R - a book of Enchantments

   Spells                             Type                      Level
   a - Tukima's Dance                 Hexes                        3
   b - Cause Fear                     Hexes                        4
   c - Silence                        Hexes/Air                    5
   d - Deflect Missiles               Charms/Air                   6
   e - Haste                          Charms                       6
   f - Discord                        Hexes                        8
 T - a book of Unlife

   Spells                             Type                      Level
   a - Recall                         Summoning/Translocation      3
   b - Animate Dead                   Necromancy                   4
   c - Control Undead                 Necromancy                   4
   d - Cigotuvi's Embrace             Necromancy                   5
   e - Death Channel                  Necromancy                   6
   f - Simulacrum                     Ice/Necromancy               6
Miscellaneous
 r - a fan of gales
 y - a disc of storms
 G - a fan of gales
 I - a lamp of fire (inert, charging)
 K - a fan of gales
 O - a phial of floods
 P - a lamp of fire
 Q - a fan of gales (inert, charging)
 S - a phantom mirror
Comestibles
 d - 5 meat rations
 F - 3 royal jellies


   Skills:
 - Level 1.8 Fighting
 - Level 10.0 Dodging
 - Level 4.0 Stealth
 - Level 17.0 Unarmed Combat
 - Level 10.1 Spellcasting
 + Level 15.6 Hexes
 - Level 4.0 Charms
 - Level 11.5 Invocations
 - Level 13.3 Evocations


You had 2 spell levels left.
You knew the following spells:

 Your Spells              Type           Power        Failure   Level  Hunger
a - Beastly Appendage     Trmt           ##....       4%          1    None
b - Ensorcelled Hibernat  Hex/Ice        ######       1%          2    None
c - Confuse               Hex            #######.     1%          3    None
d - Regeneration          Chrm/Necr      ###.......   8%          3    None
e - Dazzling Spray        Conj/Hex       ######..     1%          3    None
f - Enslavement           Hex            #######.     1%          4    None
g - Repel Missiles        Chrm/Air       ###...       2%          2    None
h - Corona                Hex            #######      0%          1    None
i - Summon Mana Viper     Hex/Summ       ######..     8%          5    ####...
s - Stoneskin             Trmt/Erth      ##......     10%         2    None


Dungeon Overview and Level Annotations

Branches:
Dungeon (1/1)

Altars:
Ashenzari
Cheibriados
Dithmenos
Elyvilon
Fedhas
Gozag
Kikubaaqudgha
Makhleb
Nemelex Xobeh
Okawaru
Qazlal
Ru
Sif Muna
Trog
Vehumet
Xom
Yredelemnul
Zin
The Shining One
Beogh
Jiyva
Lugonu


Innate Abilities, Weirdness & Mutations

You cannot wear armour.
You are incapable of wielding weapons or throwing items.
Your paws have sharp claws.
You have razor-sharp teeth.
You have supernaturally acute eyesight.
You are carnivorous and can eat meat at any time.
You cover ground quickly.
You are covered in thick fur (AC +2).
You have a slow metabolism.


Message History

Drink which item? (? for menu, Esc to quit)
You feel much better.
The deep elf summoner is engulfed in roaring flames.
The deep elf summoner zaps a rod.
The bolt of poison hits you! You resist.
The deep elf conjurer points at you and mumbles some strange words.
The bolt of cold misses you.
Unknown command.
Casting: Dazzling Spray
Confirm with . or Enter, or press ? or * to list all spells.
Aiming: Dazzling Spray
Press: ? - help, Shift-Dir - straight line, f - deep elf blademaster, p - deep elf mage
Aim: a deep elf blademaster, wielding a rapier of holy wrath and a rapier and wearing a leather armour Really fire towards your fire elemental?
Okay, then.
Drink which item? (? for menu, Esc to quit)
You feel yourself speed up.
The deep elf conjurer drinks a potion.
The deep elf conjurer is healed!
The deep elf blademaster hits you with a rapier of holy wrath!!
Ouch! That really hurt!
You die...

▓...)}=[e?≈≈▓........▓.
▓...s§§....≈▓▓▓▓▓▓▓▓▓▓▓
▓...E§§.....▓...8©8...▓
▓...§E.÷....▓..).=)...▓
▓...§§r..)..▓...=)....▓
▓..§.§e.e...▓.........▓
▓...§ee.e...▓.........▓
▓...eeee....▓.........▓
▓.....@es...▓.........▓
▓▓▓▓▓▓▓▓▓▓▓▓▓.▓.....▓.▓
▓....8©8....▓.........▓
▓..=.[:.}...▓▓▓▓▓▓▓▓▓▓▓
▓...[..)[...▓...8©8...▓
▓....)......▓...).|...▓
▓.....:.....▓...).)...▓
▓...........▓.........▓
▓...........▓.....)...▓


You could see a deep elf blademaster, a deep elf master archer, a deep elf
knight (blind), 2 deep elf summoners, 3 deep elf conjurers, a deep elf priest
(blind), a tarantella, a redback, a deep elf mage, a hell rat and 2 friendly
fire elementals.

Vanquished Creatures
  A grey draconian (D)
  A black draconian (D)
  A yellow draconian (D)
  A purple draconian (D)
  A mottled draconian (D)
  A vampire mage (D)
  2 draconians (D)
  2 rust devils (D)
  An air elemental (D)
  A naga mage (D)
  A tormentor (D)
  A deep elf priest (D)
  A tarantella (D)
  A flying skull (D)
  A phantom (D)
  2 scorpions (D)
  2 wights (D)
  A crimson imp (D)
  An orc priest (D)
  An iron imp (D)
  An orc wizard (D)
  3 mummies (D)
  An adder (D)
  A shadow imp (D)
  An adder zombie (D)
  3 adder skeletons (D)
  An orc (D)
  3 ball pythons (D)
  A bat skeleton (D)
  3 bat zombies (D)
  3 giant cockroach zombies (D)
  A quokka skeleton (D)
  A quokka zombie (D)
47 creatures vanquished.

Vanquished Creatures (collateral kills)
  A ghoul (D)
  A green draconian (D)
  A yellow draconian (D)
  A deep elf high priest (D)
  A naga warrior (D)
  An anaconda (D)
  An iron golem (D)
  A necromancer (D)
  5 draconians (D)
  3 black mambas (D)
  2 naga magi (D)
  2 air elementals (D)
  A water elemental (D)
  A freezing wraith (D)
  2 vampires (D)
  A shadow (D)
  A deep elf mage (D)
  A hell hound (D)
  2 water moccasins (D)
  2 phantoms (D)
  2 necrophages (D)
  2 wights (D)
  A crimson imp (D)
  A mummy (D)
  3 adders (D)
  2 adder skeletons (D)
  An adder zombie (D)
  A bat skeleton (D)
  2 ball pythons (D)
  A giant gecko skeleton (D)
47 creatures vanquished.

Vanquished Creatures (others)
  A cacodemon (D)
  A grey draconian (D)
  A green death (D)
  2 water elementals (D)
  4 fire elementals (D)
  5 air elementals (D)
14 creatures vanquished.

Grand Total: 108 creatures vanquished

Notes
Turn   | Place    | Note
--------------------------------------------------------------
     0 | D        | BluebellGnoll, the Felid Enchanter, began the quest for the Orb.
     0 | D        | Reached XP level 1. HP: 7/7 MP: 4/4
     0 | D        | Found a viscous altar of Jiyva.
     0 | D        | Found a corrupted altar of Lugonu.
     0 | D        | Found a white marble altar of Elyvilon.
     2 | D        | Found a sparkling altar of Nemelex Xobeh.
     2 | D        | Found a burning altar of Makhleb.
     2 | D        | Found a deep blue altar of Sif Muna.
     3 | D        | Found a bloodstained altar of Trog.
     6 | D        | Found an iron altar of Okawaru.
    14 | D        | Found a radiant altar of Vehumet.
    15 | D        | Found a basalt altar of Yredelemnul.
    28 | D        | Became a worshipper of Makhleb the Destroyer
    29 | D        | Reached skill level 10 in Dodging
    29 | D        | Reached XP level 2. HP: 11/11 MP: 5/5
    31 | D        | Found a shimmering altar of Xom.
    36 | D        | Learned a level 2 spell: Ensorcelled Hibernation
    36 | D        | Entered arena 1.
    36 | D        | Noticed a scorpion
    36 | D        | Noticed a scorpion
    42 | D        | Killed a scorpion
    42 | D        | Reached skill level 5 in Unarmed Combat
    42 | D        | Reached XP level 3. HP: 5/14 MP: 1/8
    47 | D        | Killed a scorpion
    47 | D        | Acquired Makhleb's first power
    47 | D        | Reached XP level 4. HP: 5/18 MP: 1/10
   273 | D        | Learned a level 3 spell: Confuse
   273 | D        | Entered arena 2.
   273 | D        | Noticed an orc priest
   273 | D        | Noticed an orc wizard
   282 | D        | Killed an orc wizard
   282 | D        | Reached skill level 5 in Hexes
   285 | D        | Killed an orc priest
   285 | D        | Acquired Makhleb's second power
   285 | D        | Reached XP level 5. HP: 14/21 MP: 2/16
   287 | D        | Got the ring "Lenoadodd" {+Blink rPois rF+ Dex+3 Stlth--- Curse}
   310 | D        | Learned a level 3 spell: Dazzling Spray
   383 | D        | Entered arena 3.
   383 | D        | Noticed a crimson imp
   398 | D        | Killed a crimson imp
   408 | D        | Acquired Makhleb's third power
   411 | D        | Identified the Volume of Good Luck (You found it in the Dungeon)
   416 | D        | Learned a level 4 spell: Enslavement
   416 | D        | Identified the Volume of Good Luck (You found it in the Dungeon)
   460 | D        | Entered arena 4.
   460 | D        | Noticed a hell hound
   460 | D        | Noticed a crimson imp
   467 | D        | Killed a crimson imp
   467 | D        | Reached skill level 5 in Spellcasting
   476 | D        | Killed a hell hound
   476 | D        | Acquired Makhleb's fourth power
   476 | D        | Gained mutation: You are covered in thick fur (AC +2). [growing up]
   476 | D        | Reached XP level 6. HP: 24/24 MP: 11/21
   488 | D        | Identified the Collected Works on Conjuration (You found it in the Dungeon)
   493 | D        | Learned a level 3 spell: Regeneration
   638 | D        | Entered arena 5.
   638 | D        | Noticed a wight
   638 | D        | Noticed a phantom
   653 | D        | Killed a wight
   656 | D        | Acquired Makhleb's fifth power
   662 | D        | Killed a phantom
   662 | D        | Reached skill level 10 in Unarmed Combat
   680 | D        | Entered arena 6.
   680 | D        | Noticed a yellow draconian
   680 | D        | Noticed a draconian
   680 | D        | Noticed a draconian
   680 | D        | Noticed a grey draconian
   680 | D        | Noticed a draconian
   680 | D        | Noticed a mottled draconian
   688 | D        | Killed a draconian
   688 | D        | Reached skill level 11 in Unarmed Combat
   688 | D        | Reached XP level 7. HP: 20/27 MP: 1/23
   695 | D        | Killed a mottled draconian
   695 | D        | Reached skill level 13 in Unarmed Combat
   695 | D        | Reached XP level 8. HP: 31/31 MP: 2/24
   696 | D        | Killed a draconian
   696 | D        | Reached skill level 14 in Unarmed Combat
   704 | D        | Killed a draconian
   704 | D        | Reached skill level 15 in Unarmed Combat
   709 | D        | Killed a grey draconian
   710 | D        | Killed a yellow draconian
   710 | D        | Reached skill level 17 in Unarmed Combat
   710 | D        | Reached XP level 9. HP: 34/34 MP: 4/25
   739 | D        | Got the ring of Kaomm {rElec Int+6}
   922 | D        | Entered arena 7.
   922 | D        | Noticed a flying skull
   932 | D        | Killed a flying skull
  1024 | D        | Entered arena 8.
  1024 | D        | Noticed a phantom
  1024 | D        | Noticed a necrophage
  1024 | D        | Noticed a phantom
  1028 | D        | Killed a necrophage
  1028 | D        | Reached skill level 1 in Fighting
  1032 | D        | Killed a phantom
  1042 | D        | Killed a phantom
  1045 | D        | Identified Jidot's Collected Works on Shape Shifting (You found it in the Dungeon)
  1045 | D        | Identified Jidot's Collected Works on Shape Shifting (You found it in the Dungeon)
  1048 | D        | Got the ring "Ijyo" {Str+6 Int+2}
  1062 | D        | Learned a level 2 spell: Stoneskin
  1064 | D        | Learned a level 1 spell: Beastly Appendage
  1205 | D        | Entered arena 9.
  1205 | D        | Noticed a water moccasin
  1205 | D        | Noticed a naga mage
  1205 | D        | Noticed a naga mage
  1205 | D        | Noticed a water moccasin
  1205 | D        | Noticed a black mamba
  1211 | D        | Killed a water moccasin
  1211 | D        | Reached skill level 1 in Invocations
  1211 | D        | Reached skill level 1 in Evocations
  1214 | D        | Killed a black mamba
  1219 | D        | Killed from afar by a naga mage
  1220 | D        | Reached XP level 8. HP: -7/33 MP: 20/25
  1223 | D        | Killed a water moccasin
  1224 | D        | Killed a naga mage
  1224 | D        | Reached skill level 5 in Evocations
  1224 | D        | Killed a naga mage
  1224 | D        | Reached skill level 5 in Invocations
  1224 | D        | Reached XP level 9. HP: 36/36 MP: 27/27
  1292 | D        | Learned a level 2 spell: Repel Missiles
  1302 | D        | Entered arena 10.
  1302 | D        | Noticed a draconian
  1302 | D        | Noticed a black draconian
  1302 | D        | Noticed a green draconian
  1302 | D        | Noticed a grey draconian
  1302 | D        | Noticed a draconian
  1302 | D        | Noticed a draconian
  1302 | D        | Noticed a purple draconian
  1302 | D        | Noticed a yellow draconian
  1302 | D        | Noticed a draconian
  1321 | D        | Killed a draconian
  1329 | D        | Killed a draconian
  1330 | D        | Killed a yellow draconian
  1335 | D        | Killed a black draconian
  1335 | D        | Reached skill level 10 in Evocations
  1338 | D        | Killed a purple draconian
  1338 | D        | Reached XP level 10. HP: 40/40 MP: 5/28
  1341 | D        | Killed a draconian
  1341 | D        | Reached skill level 10 in Invocations
  1342 | D        | Killed a green draconian
  1343 | D        | Killed a grey draconian
  1347 | D        | Killed a draconian
  1464 | D        | Entered arena 11.
  1464 | D        | Noticed a shadow
  1464 | D        | Noticed a necrophage
  1464 | D        | Noticed a vampire
  1464 | D        | Noticed a necromancer
  1464 | D        | Noticed a wight
  1464 | D        | Noticed a wight
  1464 | D        | Noticed a ghoul
  1465 | D        | Noticed a vampire
  1465 | D        | Noticed a vampire mage
  1466 | D        | Killed a wight
  1469 | D        | Killed a wight
  1470 | D        | Killed a necrophage
  1470 | D        | Killed a shadow
  1470 | D        | Reached skill level 1 in Charms
  1473 | D        | Killed a necromancer
  1474 | D        | Killed a ghoul
  1474 | D        | Killed a vampire
  1475 | D        | Killed a vampire mage
  1475 | D        | Reached skill level 10 in Spellcasting
  1475 | D        | Reached XP level 11. HP: 19/43 MP: 20/31
  1475 | D        | Killed a vampire
  1650 | D        | Entered arena 12.
  1650 | D        | Noticed an anaconda
  1650 | D        | Noticed a naga warrior
  1650 | D        | Noticed a black mamba
  1651 | D        | Noticed a black mamba
  1653 | D        | Killed a black mamba
  1654 | D        | Noticed a naga mage
  1656 | D        | Killed a black mamba
  1658 | D        | Killed an anaconda
  1658 | D        | Reached skill level 10 in Hexes
  1662 | D        | Identified a +5 rod of clouds (3/9)
  1662 | D        | Killed a naga warrior
  1664 | D        | Killed a naga mage
  1717 | D        | Entered arena 13.
  1717 | D        | Noticed a rust devil
  1717 | D        | Noticed an iron imp
  1718 | D        | Noticed a tormentor
  1719 | D        | Killed an iron imp
  1720 | D        | Noticed an iron golem
  1720 | D        | Noticed a freezing wraith
  1720 | D        | Noticed a rust devil
  1721 | D        | Noticed a wight
  1730 | D        | Killed a tormentor
  1736 | D        | Killed a freezing wraith
  1742 | D        | Killed a wight
  1748 | D        | Killed a rust devil
  1783 | D        | HP: 1/43 [air elemental[the player character] (13)]
  1796 | D        | Killed an iron golem
  1827 | D        | Got the ring "Biob Les" {rF+ Int+4 Stlth-}
  1843 | D        | Killed a rust devil
  1934 | D        | Entered arena 14.
  1934 | D        | Noticed a deep elf priest
  1934 | D        | Noticed a deep elf high priest
  1934 | D        | Noticed a deep elf mage
  1936 | D        | Noticed a deep elf conjurer
  1936 | D        | Noticed a deep elf summoner
  1936 | D        | Noticed a deep elf mage
  1936 | D        | Noticed a deep elf master archer
  1937 | D        | Noticed a deep elf summoner
  1937 | D        | Shot with an arrow of dispersal by a deep elf master archer
  1937 | D        | Killed a deep elf mage
  1938 | D        | Reached XP level 10. HP: -26/40 MP: 30/30
  1938 | D        | Noticed a deep elf conjurer
  1938 | D        | Noticed a deep elf priest
  1938 | D        | Noticed a deep elf knight
  1938 | D        | Noticed a deep elf blademaster
  1938 | D        | Noticed a deep elf conjurer
  1939 | D        | Shot with an arrow of dispersal by a deep elf master archer
  1940 | D        | Reached XP level 9. HP: -6/36 MP: 29/29
  1943 | D        | Entered arena 9.
  1946 | D        | Killed a deep elf high priest
  1946 | D        | Reached skill level 15 in Hexes
  1951 | D        | Entered arena 10.
  1959 | D        | Entered arena 11.
  1968 | D        | Entered arena 12.
  1977 | D        | Entered arena 13.
  2336 | D        | Learned a level 5 spell: Summon Mana Viper
  2336 | D        | Entered arena 14.
  2338 | D        | Killed a deep elf priest
  2342 | D        | Identified a -1 rod of destruction (8/12)
  2343 | D        | Mangled by a deep elf blademaster

Action                   |  1- 3 |  4- 6 |  7- 9 | 10-12 || total
-------------------------+-------+-------+-------+-------++-------
Melee: Unarmed           |     8 |    37 |    32 |    19 ||    96
 Cast: Ensorcelled Hiber |     2 |       |       |       ||     2
       Confuse           |       |    13 |    14 |    14 ||    41
       Enslavement       |       |     3 |       |       ||     3
       Dazzling Spray    |       |       |     4 |     1 ||     5
       Regeneration      |       |       |     4 |     2 ||     6
       Beastly Appendage |       |       |     2 |     2 ||     4
       Repel Missiles    |       |       |     2 |       ||     2
       Stoneskin         |       |       |       |     1 ||     1
Invok: Lesser Servant of |       |       |     1 |       ||     1
       Greater Servant o |       |       |     1 |     4 ||     5
       Major Destruction |       |       |     1 |     1 ||     2
Evoke: Wand              |       |     1 |     6 |     3 ||    10
       Fan of gales      |       |     3 |     6 |     4 ||    13
       Lamp of fire      |       |     1 |     7 |     6 ||    14
       Phial of floods   |       |       |       |     1 ||     1
  Use: Potion            |     2 |       |     9 |     3 ||    14
 Stab: Sleeping          |     1 |       |       |       ||     1
       Confused          |       |     4 |     5 |     1 ||    10
       Invisible         |       |       |     5 |     2 ||     7
  Eat: Chunk             |       |     4 |    10 |     1 ||    15
